 Dungeon Crawl Stone Soup version 0.13.1-19-g4b9377e (webtiles) character file.

192 Chiseanne the Skirmisher (level 4, -2/38 HPs)
             Began as a Draconian Monk on Dec 21, 2013.
             Slain by a killer bee (10 damage)
             ... on Level 3 of the Dungeon.
             The game lasted 00:06:22 (2091 turns).

Chiseanne the Skirmisher (Draconian Monk)           Turns: 2091, Time: 00:06:22

HP  -2/38        AC  5     Str 14      XL: 4   Next: 16%
MP   3/3         EV 14     Int 10      God:
Gold 113         SH  0     Dex 14      Spells:  0 memorised,  3 levels left

Res.Fire  : . . .   See Invis. : .   i - +0,+1 mace
Res.Cold  : . . .   Warding    : .   (armour unavailable)
Life Prot.: . . .   Conserve   : .   (no shield)
Res.Poison: +       Res.Corr.  : .   (helmet restricted)
Res.Elec. : .       Clarity    : .   (no cloak)
Sust.Abil.: . .     Spirit.Shd : .   (no gloves)
Res.Mut.  : .       Stasis     : .   (no boots)
Res.Rott. : .       Flight     : .   (no amulet)
Saprovore : . . .                    (no ring)
                                     f - ring of poison resistance

@: invisible, very slightly contaminated, slightly resistant to hostile
enchantments, fairly stealthy
A: unfitting armour, AC +5
a: no special abilities


You were on level 3 of the Dungeon.
You were not hungry.

You visited 1 branch of the dungeon, and saw 3 of its levels.

You collected 113 gold pieces.

Inventory:

Hand weapons
 i - a +0,+1 mace (weapon)
 q - a +1,+2 sling of frost
Missiles
 d - 3 darts (quivered)
Magical devices
 e - a wand of confusion (0)
Comestibles
 b - 3 bread rations
 c - a lemon
 h - a pear
 v - a choko
Scrolls
 g - 3 scrolls of teleportation
 j - 3 scrolls of remove curse {unknown}
 k - 2 scrolls of identify {unknown}
 m - a scroll of enchant weapon II {unknown}
 n - a scroll of curse jewellery {unknown}
 o - a scroll of noise {unknown}
 p - a scroll of enchant weapon I {unknown}
 r - a scroll of blinking {unknown}
 s - a scroll of curse weapon {unknown}
 t - a scroll of enchant armour {unknown}
 u - a scroll of magic mapping {unknown}
Jewellery
 f - a ring of poison resistance (left hand)
Potions
 a - a potion of invisibility
 l - a potion of brilliance {unknown}


   Skills:
 * Level 4.2 Fighting
 * Level 3.9 Dodging
 - Level 1.7 Stealth
 - Level 4.0 Unarmed Combat


You had 3 spell levels left.
You didn't know any spells.

Dungeon Overview and Level Annotations

Branches:
Dungeon (3/27)

Altars:


Message History

You miss the killer bee. The killer bee misses you. The killer bee stings you.
The killer bee stings you but does no damage.
Drink which item? (? for menu, Esc to quit)
You fade into invisibility!
It was a potion of invisibility.
The killer bee barely misses you. The killer bee barely misses you.
You are very lightly contaminated with residual magic.
You miss the killer bee.
You tail-slap the killer bee, but do no damage.
The killer bee misses you. The killer bee barely misses you.
The killer bee stings you.
* * * LOW HITPOINT WARNING * * *
You miss the killer bee.
Your tail-slap misses the killer bee.
The killer bee closely misses you. The killer bee completely misses you.
The killer bee closely misses you.
You strike the helpless killer bee from behind!
You sock the killer bee!
The killer bee is severely wounded.
The killer bee closely misses you. The killer bee stings you!
You die...

# #> #+# ##. #.# .
...#.# #...# #.#.###...#
#.....#...# #.#@# #...#
#.#k# ....#
#.#k###..(####
###(.kl....!...#
#.....#.......?#
###.#............#
#<#.#.####..<....#
#######.#...# .........#
#.......###.#.##.......#


You could see 3 killer bees and a giant newt.

Vanquished Creatures
  Jessica (D:2)
  3 adders (D:2)
  A giant gecko (D:2)
  2 bats (D:1)
  2 giant cockroaches (D:1)
  7 goblins
  7 hobgoblins
  2 kobolds
  2 giant newts
  4 rats (D:2)
31 creatures vanquished.

Notes
Turn   | Place    | Note
--------------------------------------------------------------
     0 | D:1      | Chiseanne, the Draconian Monk, began the quest for the Orb.
     0 | D:1      | Reached XP level 1. HP: 17/17 MP: 0/0
   210 | D:1      | Reached XP level 2. HP: 21/24 MP: 1/1
   849 | D:2      | Noticed Jessica
   914 | D:2      | Reached XP level 3. HP: 8/30 MP: 2/2
  1243 | D:2      | Killed Jessica
  1569 | D:2      | Reached XP level 4. HP: 29/38 MP: 3/3
  2091 | D:3      | Slain by a killer bee

Action                   |  1- 3 |  4- 6 || total
-------------------------+-------+-------++-------
Melee: Unarmed           |   127 |       ||   127
       Mace              |    16 |    20 ||    36
  Use: Scroll            |     1 |       ||     1
       Potion            |     6 |     1 ||     7
 Stab: Distracted        |     1 |       ||     1
       Sleeping          |       |     2 ||     2
       Invisible         |       |     1 ||     1
